 Dungeon Crawl Stone Soup version 0.29.1-14-g9c671dbff4 (webtiles) character file.

Game seed: 11991165084034664154

135 Wobber the Changer (level 5, -2/33 HPs)
             Began as an Octopode Transmuter on Feb 14, 2023.
             Slain by an orc priest
             ... wielding a +0 flail
              (7 damage)
             ... on level 4 of the Dungeon.
             The game lasted 00:13:23 (3649 turns).

Wobber the Changer (Octopode Transmuter)            Turns: 3649, Time: 00:13:24

Health: -2/33      AC:  1    Str:  9    XL:     5   Next: 18%
Magic:  17/17      EV: 13    Int: 18    God:
Gold:   216        SH:  0    Dex: 12    Spells: 4/8 levels left

rFire   . . .      SeeInvis .     - Unarmed
rCold   . . .      Faith    .   (no shield)
rNeg    . . .      Spirit   .   (helmet currently unavailable)
rPois   .          Reflect  .   (no amulet)
rElec   .          Harm     .   k - ring of magical power
rCorr   .          Rampage  .   (no ring)
Will    .....                   (no ring)
Stlth   +++.......              (no ring)
HPRegen 0.11/turn               (no ring)
MPRegen 0.15/turn               (no ring)
                                (no ring)
                                (no ring)

@: appendages (expiring)
A: tentacle spike 3, almost no armour, amphibious, 8 rings, camouflage 1,
gelatinous body 1, (nimble swimmer 1), tentacles
a: End Transformation


You were on level 4 of the Dungeon.
One of your tentacles had grown a beastly spike.
You visited 1 branch of the dungeon, and saw 4 of its levels.

You collected 216 gold pieces.

Inventory:

Hand Weapons
 j - a +0 dagger of pain
Missiles
 d - 27 stones
 g - a throwing net
 n - 2 poisoned darts
Armour
 f - a +0 cloak
Jewellery
 k - a ring of magical power (left tentacle)
Scrolls
 b - a scroll of identify
 c - a scroll of silence {unknown}
 h - a scroll of enchant weapon {unknown}
 m - 2 scrolls of fear {unknown}
 o - a scroll of noise {unknown}
 p - a scroll of poison {unknown}
Potions
 a - 3 potions of lignification
 i - a potion of brilliance


   Skills:
 + Level 1.3 Fighting
 - Level 2.0 Dodging
 - Level 1.4 Stealth
 - Level 3.0 Unarmed Combat
 - Level 2.4 Spellcasting
 * Level 3.9 Transmutations
 * Level 2.6 Poison Magic


You had 4 spell levels left.
You knew the following spells:

 Your Spells              Type           Power      Damage    Failure   Level
a - Beastly Appendage     Tmut           32%        N/A       3%          1
b - Spider Form           Tmut/Pois      14%        N/A       14%         3

Your spell library contained the following spells:

 Spells                   Type           Power      Damage    Failure   Level
 Wereblood                Tmut           16%        N/A       5%          2
 Apportation              Tloc           4%         N/A       17%         1
 Necrotise                Necr           8%         1d4       17%         1
 Summon Small Mammal      Summ           8%         N/A       17%         1
 Ice Form                 Ice/Tmut       9%         N/A       61%         4


Dungeon Overview and Level Annotations

Branches:
Dungeon (4/15)
 Temple: D:4-7

Altars:
Fedhas


Innate Abilities, Weirdness & Mutations

One of your tentacles has grown a beastly spike.
You cannot wear most types of armour.
You are amphibious.
You can wear up to eight rings at the same time.
Your skin changes colour to match your surroundings (Stealth+).
Your rubbery body absorbs attacks. (AC +1, EV +1)
((You are camouflaged when in or above water. (Stealth+)))
You have tentacles for arms and can constrict up to eight enemies at once.


Message History

You tentacle-slap the orc. You squeeze the orc.
You kill the orc!
The orc hits you from afar with a +0 trident!
* * * LOW HITPOINT WARNING * * *
You hear the brisk rusting of a very distant drain.
You are confused.
You feel invigorated. The orc closely misses you.
You bump into the stone wall.
The orc barely misses you.
You bump into the rock wall.
The orc misses you.
An orc priest comes into view. It is wielding a +0 flail.
You bump into the rock wall.
The orc hits you from afar with a +0 trident.
Your transformation is almost over.
The orc closely misses you.
You barely miss the orc.
You feel less invigorated.
You feel less confused.
The orc priest shouts!
The orc priest mumbles some strange prayers to Beogh against you.
Beogh smites you!
You hear a shout! x2
You tentacle-slap the orc. You grab the orc.
You pierce the orc.
You kill the orc!
You hear a shout!
The orc priest miscasts a cantrip.
The orc priest calls down the wrath of Beogh upon you.
Pain shoots through your body!
* * * LOW HITPOINT WARNING * * *
You tentacle-slap the orc priest but do no damage.
You grab the orc priest.
You constrict the orc priest, but do no damage.
The orc priest casts a cantrip, but nothing happens.
You tentacle-slap the orc priest.
The orc priest is lightly wounded.
You constrict the orc priest, but do no damage.
The orc priest closely misses you.
You tentacle-slap the orc priest.
The orc priest is heavily wounded.
You constrict the orc priest.
The orc priest hits you with a +0 flail!
You die...

....♣## ## ...♣8.##
##8# ....♣..# ....
......# ##..###
......# #.....#
......# #.# ♣♣....#
#.# ♣..##.### ###)#
..###...#######.@o#
.## ###........)###
## ########### #


You could see an orc priest.

Vanquished Creatures
  A jelly (D:4)
  4 adders
  A dart slug (D:1)
  6 orcs
  6 bats
  3 endoplasms
  A giant cockroach (D:1)
  8 goblins
  8 hobgoblins
  3 jackals (D:2)
  A quokka (D:1)
  4 ball pythons
  3 frilled lizards
  6 kobolds
  2 rats
57 creatures vanquished.

Notes
Turn   | Place    | Note
-------+----------+-------------------------------------------
     0 | D:1      | Wobber the Octopode Transmuter began the quest for the Orb.
     0 | D:1      | Reached XP level 1. HP: 13/13 MP: 3/3
   172 | D:1      | Reached XP level 2. HP: 16/18 MP: 3/5
  1078 | D:2      | Reached XP level 3. HP: 20/23 MP: 4/6
  1210 | D:2      | Learned a level 3 spell: Spider Form
  1720 | D:2      | Reached skill level 1 in Poison Magic
  1905 | D:2      | Found a faded altar of an unknown god.
  2069 | D:2      | Reached skill level 1 in Stealth
  2240 | D:3      | Reached XP level 4. HP: 28/28 MP: 7/7
  3357 | D:4      | Noticed an ogre
  3471 | D:4      | Reached XP level 5. HP: 12/33 MP: 8/8
  3536 | D:4      | Found a blossoming altar of Fedhas.
  3649 | D:4      | Slain by an orc priest

Illustrated notes

Levels and vault maps discovered:
D:1:      psy_arrival_fountain, layout_rooms, serial_aquarium,
          aquarium_bridge_square [aquarium_subvault_bridge,
          aquarium_subvault_bridge, aquarium_subvault_wall,
          aquarium_subvault_wall], aquarium_window_corner, aquarium_window_1,
          aquarium_window_2, aquarium_window_corridor_3, aquarium_view_2c,
          aquarium_view_2d, aquarium_balcony_3a, aquarium_pool_side
D:2:      kb_forest_paths, layout_loops_corners, ebering_ecumenical_altar_box,
          wander_ebering_terrifying_dragon_lair
D:3:      layout_rooms
D:4:      layout_rooms, kennysheep_little_box, minmay_temple_entry_nine_rooms,
          portal_sewer_entry_e, kennysheep_decorative_pillar, st_stairs_1,
          kennysheep_path_1, nicolae_concentric_dashed_squares_wild,
          minmay_misc_feat_x, pf_guarded_unrand_meek

Skill      XL: |  1  2  3  4 |
---------------+-------------+-----
Transmutations | 3 |  3.9
Poison Magic   | 1 2 |  2.6
Stealth        | 1 |  1.4
Fighting       | |  1.3
Dodging        | |  2.0
Unarmed Combat | |  3.0
Spellcasting   | |  2.4

Action                   |  1- 3 |  4- 6 || total
-------------------------+-------+-------++-------
Melee: Unarmed           |    76 |    63 ||   139
       Kick              |    20 |    26 ||    46
       Tentacles         |     8 |    10 ||    18
       Constrict         |    16 |    21 ||    37
       Punch             |     2 |       ||     2
 Cast: Beastly Appendage |    25 |    18 ||    43
  Use: Scroll            |       |     3 ||     3
       Potion            |       |     1 ||     1
 Stab: Sleeping          |     5 |     3 ||     8
Armor: Skin              |     4 |     1 ||     5
Dodge: Dodged            |    52 |    35 ||    87
